 Dungeon Crawl Stone Soup version bcrawl-1.23 (webtiles) character file.

Game seed: 11634991102695417783

119506 Morbidden the Peltast (level 16, -1/139 HPs)
             Began as a Hill Orc Fighter on May 22, 2020.
             Was a High Priest of Cheibriados.
             Killed from afar by a shock serpent (15 damage)
             ... with an electric aura
             ... on level 3 of the Snake Pit on May 27, 2020.
             The game lasted 01:00:29 (27928 turns).

Morbidden the Peltast (Hill Orc Fighter)           Turns: 27928, Time: 01:00:30

Health: -1/139     AC: 17    Str: 45    XL:     16   Next: 79%
Magic:  1/25       EV: 13    Int: 20    God:    Cheibriados [*****.]
Gold:   1124       SH: 40    Dex: 29    Spells: 22/25 levels left

rFire    . . .     SeeInvis .   b - +9 long sword (flame)
rCold    + . .     Gourm    .   J - +5 large shield of Doted {rC+}
rNeg     . . .     Faith    +   v - +3 ring mail "Otokk" {Dex+7}
rPois    .         Spirit   .   h - +1 hat
rElec    .         Reflect  .   d - +0 cloak
rCorr    .         Harm     .   Y - +2 pair of gloves {Str+3}
MR       +....                  O - +0 pair of boots
Stlth    +++.......             K - amulet of faith
HPRegen  0.33/turn              S - ring of wizardry
MPRegen  0.19/turn              N - +4 ring of strength

@: lethally poisoned (-1 -> -18), very slightly contaminated, very slow
A: no striking features
a: Bend Time, Temporal Distortion, Slouch, Step From Time, Renounce Religion


You were on level 3 of the Snake Pit.
You worshipped Cheibriados.
Cheibriados was extremely pleased with you.
You were very hungry.

You visited 5 branches of the dungeon, and saw 23 of its levels.
You also visited: Ice Cave.

You collected 1814 gold pieces.
You spent 690 gold pieces at shops.

Inventory:

Hand Weapons
 a - a +1 broad axe of electrocution
 b - a +9 long sword of flaming (weapon)
 E - the +7 mace of Variability {chain chaos}
   (You found it on level 11 of the Dungeon)

   Each time it hits an enemy it has a different, random effect.
   Cheibriados disapproves of the use of such an item.
Missiles
 w - 369 tomahawks (quivered)
 V - a throwing net {!f}
Armour
 d - a +0 cloak (worn)
 h - a +1 hat (worn)
 v - the +3 ring mail "Otokk" (worn) {Dex+7}
   (You found it on level 9 of the Dungeon)

   It affects your dexterity (+7).
 J - the +5 large shield of Doted (worn) {rC+}
   (You found it on level 8 of the Dungeon)

   It protects you from cold.
 O - a +0 pair of boots (worn)
 Y - a +2 pair of gloves of strength (worn)
Jewellery
 l - an uncursed ring of fire
 B - an uncursed ring of resist corrosion
 K - an amulet of faith (around neck)
 N - a +4 ring of strength (right hand)
 S - a ring of wizardry (left hand)
 T - an uncursed ring of ice
Wands
 y - a wand of digging (10)
 A - a wand of disintegration (28)
 H - a wand of acid (11)
 I - a wand of iceblast (14)
Scrolls
 f - 11 scrolls of remove curse
 i - 3 scrolls of enchant armour
 j - 7 scrolls of identify
 k - a scroll of immolation
 s - 7 scrolls of fear
 t - 9 scrolls of teleportation
 u - 7 scrolls of amnesia
 C - 2 scrolls of blinking
 D - 5 scrolls of fog
 F - a scroll of brand weapon
 Q - a scroll of magic mapping
Potions
 g - 7 potions of heal wounds
 m - 7 potions of agility
 n - a potion of resistance
 o - 4 potions of lignification
 r - 11 potions of curing
 x - 2 potions of brilliance
 z - 4 potions of flight
 G - 2 potions of mutation
 L - 2 potions of might
 M - a potion of ambrosia
 P - a potion of invisibility
Miscellaneous
 c - a phial of floods (inert)
 q - a lightning rod (4/4)
 R - a sack of spiders
 U - a lamp of fire (inert)
Comestibles
 e - 40 rations {!d}


   Skills:
 * Level 12.2 Fighting
   Level 12.2 Short Blades
   Level 12.2 Long Blades
   Level 12.2 Axes
   Level 12.2 Maces & Flails
   Level 12.2 Polearms
   Level 12.2 Staves
 + Level 4.1 Throwing
 + Level 10.3 Armour
 + Level 6.2 Dodging
 + Level 4.1 Stealth
 * Level 18.6 Shields
   Level 12.2 Unarmed Combat
 * Level 5.4 Spellcasting
 * Level 5.6 Charms
 * Level 5.9 Necromancy
 - Level 13.0 Invocations
 + Level 0.6 Evocations


You had 22 spell levels left.
You knew the following spells:

 Your Spells              Type           Power        Failure   Level  Hunger
a - Regeneration          Chrm/Necr      ####......   32%         3    ##.....

Your spell library contained the following spells:

 Spells                   Type           Power        Failure   Level  Hunger
 Animate Skeleton         Necr           N/A          11%         1    None
 Pain                     Necr           ####..       11%         1    None
 Vampiric Draining        Necr           ####......   32%         3    ##.....
 Animate Dead             Necr           N/A          69%         4    ####...
 Apportation              Tloc           #.....       73%         1    None
 Magic Dart               Conj           #...         73%         1    None
 Summon Butterflies       Summ           #.......     73%         1    None
 Summon Small Mammal      Summ           #...         73%         1    None
 Call Imp                 Summ           #.....       86%         2    None
 Poisonous Vapours        Pois/Air       #.....       86%         2    None
 Searing Ray              Conj           #.......     86%         2    None
 Piercing Shot            Chrm           ####......   96%         5    #####..
 Beckoning                Tloc           #.........   97%         3    ##.....
 Call Canine Familiar     Summ           #.......     97%         3    ##.....
 Conjure Flame            Conj/Fire      #.......     97%         3    ##.....
 Iskenderun's Mystic Bla  Conj           #.......     97%         3    ##.....
 Mephitic Cloud           Conj/Pois/Air  #.......     97%         3    ##.....
 Tukima's Dance           Hex            #.......     97%         3    ##.....
 Fulminant Prism          Conj/Hex       #.........   100%        4    ####...
 Summon Ice Beast         Ice/Summ       #.......     100%        4    ####...
 Bolt of Draining         Conj/Necr      ###.......   100%        5    #####..
 Irradiate                Conj/Tmut      #.........   100%        5    #####..
 Iskenderun's Battlesphe  Conj/Chrm      ###.....     100%        5    #####..
 Silence                  Hex/Air        #.........   100%        5    #####..
 Summon Lightning Spire   Summ/Air       #.......     100%        5    #####..
 Deflect Missiles         Chrm/Air       ###.......   100%        6    #######
 Freezing Cloud           Ice/Air        #.........   100%        6    #######
 Infestation              Hex/Tmut/Pois  #........    100%        6    #######
 Invisibility             Hex            #.......     100%        6    #######
 Steam Barrier            Chrm/Fire      ###.......   100%        6    #######
 Discord                  Hex            #.........   100%        8    #######


Dungeon Overview and Level Annotations

Branches:
Dungeon (12/12)            Temple (0/1) D:5            Lair (6/6) D:7
 Shoals (0/3) Lair:2        Snake (3/3) Lair:3        Slime (0/5) Lair:5
    Orc (1/1) D:9             Elf (1/3) Orc          Vaults (0/3) D:11
 Depths (0/5) D:12

Altars:
Cheibriados
Fedhas
Hepliaklqana
Okawaru
Trog
Uskayaw
Xom
The Shining One
Beogh
Jiyva

Shops:
D:10 [   Orc [(?([   Snake:1 %

Annotations:
D:3 1 runed door
Lair:1 1 runed translucent door, mrmini23's ghost, journeyman DrTm
Lair:2 exclusion: 3 oklob plants
Lair:3 3 runed translucent doors, yrara's ghost, journeyman DsFi
Lair:4 exclusion: 3 oklob plants
Lair:5 1 runed door


Message History

A shock serpent comes into view.
The shock serpent hisses angrily.
The shock serpent shoots out a bolt of lightning at you!
The bolt of electricity hits you!!
* * * LOW HITPOINT WARNING * * *
The shock serpent shoots out a bolt of lightning at you!
The bolt of electricity hits you!!
* * * LOW HITPOINT WARNING * * *
No path to travel!
No path to travel!
No path to travel!
No path to travel!
Unknown command.
No path to travel!
Unknown command.
Unknown command.
You can feel time thicken for a moment.
You feel somewhat more hungry.
Cheibriados lowers the support of your attributes as your movement quickens.
The shock serpent's electric aura discharges violently, shocking you!
You die...

#NN.# #...#
#...##.[.##. .....
#.S)...##.. #...#
####.N≈.##..#
#....
##..##'S##.N# #...
........S..S# #S.#
......##....# #..
........##...###.#
....##.## ##..#.@#
.......# #...#
S####..# ##... ##
#... ##..# #...
...# ..... ...#
....# ##.. #.#...
#.


You could see a shock serpent.

Vanquished Creatures
  Kirke (Lair:5)
  3 nagarajas
  Nessos (Lair:5)
  2 dire elephants
  2 rakshasas
  2 naga warriors (Snake:1)
  6 hydras
  A death knight (D:10)
  4 centaur warriors
  5 anacondas
  2 two-headed ogres
  2 dancing weapons (D:11)
  4 shock serpents
  6 death yaks
  4 sea snakes (Snake:2)
  6 naga sharpshooters
  9 skeletal warriors
  3 naga ritualists
  A deep elf archer (Elf:1)
  9 orc knights (Orc)
  A wolf spider (D:12)
  A necromancer (IceCv)
  6 mana vipers
  3 deep elf magi
  2 cyclopes
  An orc sorcerer (Orc)
  4 manticores
  6 ugly things
  8 salamanders
  4 elephants (Lair:5)
  26 black mambas
  3 ice statues (IceCv)
  3 centaur zombies (D:10)
  A guardian serpent (Snake:2)
  6 naga magi
  21 cane toads
  10 ice devils
  A rime drake (Lair:1)
  An efreet (D:11)
  7 komodo dragons
  A freezing wraith (D:10)
  3 trolls
  4 tyrant leeches (Lair:6)
  3 polar bears
  A harpy skeleton (D:12)
  Prince Ribbit (D:7)
  12 dream sheep
  5 hippogriffs
  5 slime creatures
  14 blink frogs
  A snapping turtle (Lair:2)
  20 yaks
  A vampire (D:12)
  4 wyverns
  2 fire bats (Lair:1)
  A basilisk (Lair:1)
  2 fire elementals (Lair:1)
  A hog (Lair:5)
  A human (shapeshifter) (D:9)
  2 chaos spawn (D:11)
  4 hungry ghosts
  9 vampire mosquitoes
  7 wargs (Orc)
  14 nagas
  2 two-headed ogre zombies (D:9)
  10 crocodiles
  2 acid dragons (D:11)
  12 water moccasins
  2 hell hounds (Lair:1)
  A floating eye (Lair:4)
  11 porcupines
  35 orc warriors
  5 ice beasts
  4 sky beasts
  9 ogres
  2 black bears
  A necrophage (D:9)
  10 wolves
  3 centaurs
  5 big kobolds
  20 bullfrogs
  6 scorpions
  17 killer bees
  A troll zombie (D:9)
  5 wights (D:11)
  An electric eel (Lair:6)
  8 crimson imps
  4 draconian simulacra (IceCv)
  A bullfrog zombie (D:8)
  5 hounds
  7 jellies
  6 orc priests
  15 orc wizards
  5 centaur skeletons
  8 iguanas
  A bullfrog skeleton (D:8)
  6 worker ants
  2 spriggan simulacra (IceCv)
  5 ogre zombies (D:9)
  2 centaur simulacra (IceCv)
  2 hound zombies
  4 hound skeletons
  11 adders
  2 naga simulacra (IceCv)
  An ooze (D:3)
  2 adder skeletons
  3 worms
  5 dart slugs
  6 leopard geckos
  68 orcs
  3 ball pythons
  5 bats
  A giant cockroach (D:3)
  8 hobgoblins
  17 jackals
  14 kobolds
  4 quokkas
  4 frilled lizards
  6 goblins
  2 goblin skeletons (D:9)
  3 goblin zombies (D:9)
  A hobgoblin skeleton (D:9)
  A hobgoblin zombie (D:9)
  4 orc skeletons (D:9)
  14 orc zombies (D:9)
  4 rats
  16 plants
756 creatures vanquished.

Vanquished Creatures (collateral kills)
  A naga warrior (Snake:1)
  An ice statue (IceCv)
2 creatures vanquished.

Vanquished Creatures (others)
  A human (Lair:5)
  A fire elemental (Elf:1)
  2 bushes (Lair:6)
  12 fungi
  35 plants
51 creatures vanquished.

Grand Total: 809 creatures vanquished

Notes
Turn   | Place    | Note
-------+----------+-------------------------------------------
     0 | D:1      | Morbidden the Hill Orc Fighter began the quest for the Orb.
     0 | D:1      | Reached XP level 1. HP: 20/20 MP: 1/1
   111 | D:1      | Reached XP level 2. HP: 27/28 MP: 2/2
   505 | D:1      | Reached XP level 3. HP: 33/34 MP: 3/3
  1103 | D:2      | Reached XP level 4. HP: 30/41 MP: 4/4
  1601 | D:2      | Found a bloodstained altar of Trog.
  1700 | D:3      | Reached skill level 5 in Fighting
  1709 | D:3      | Found an iron altar of Okawaru.
  1723 | D:3      | Reached XP level 5. HP: 28/48 MP: 5/5
  1913 | D:3      | Reached skill level 4 in Shields
  1946 | D:3      | Found a runed door.
  1998 | D:3      | Found a hide-covered altar of Uskayaw.
  2123 | D:3      | Noticed a +0 dagger
  2124 | D:3      | Noticed a +0 dagger
  2207 | D:3      | Reached skill level 1 in Dodging
  2884 | D:2      | Found a snail-covered altar of Cheibriados.
  2897 | D:2      | Became a worshipper of Cheibriados the Contemplative
  2955 | D:4      | Noticed a sky beast
  2997 | D:4      | Killed a sky beast
  2997 | D:4      | Reached skill level 1 in Invocations
  2997 | D:4      | Reached XP level 6. HP: 20/56 MP: 5/7
  3242 | D:4      | Reached XP level 7. HP: 52/61 MP: 8/8
  3327 | D:4      | Found a glowing golden altar of the Shining One.
  3626 | D:5      | Entered Level 5 of the Dungeon
  3802 | D:5      | Reached * piety under Cheibriados
  3992 | D:5      | Reached skill level 5 in Shields
  3996 | D:5      | Found a staircase to the Ecumenical Temple.
  4017 | D:5      | Reached skill level 5 in Armour
  4239 | D:5      | Noticed a hungry ghost
  4253 | D:5      | Killed a hungry ghost
  4253 | D:5      | Reached skill level 1 in Throwing
  4253 | D:5      | Reached XP level 8. HP: 66/70 MP: 10/10
  4624 | D:6      | Reached skill level 6 in Shields
  4695 | D:6      | Reached ** piety under Cheibriados
  5277 | D:6      | Reached XP level 9. HP: 77/79 MP: 12/12
  5312 | D:6      | Reached skill level 5 in Invocations
  5587 | D:6      | Reached skill level 7 in Shields
  5861 | D:7      | Reached *** piety under Cheibriados
  6007 | D:7      | Noticed Prince Ribbit
  6019 | D:7      | Killed Prince Ribbit
  6025 | D:7      | Noticed a troll
  6239 | D:7      | Killed a troll
  6476 | D:7      | Reached XP level 10. HP: 79/88 MP: 14/14
  6481 | D:7      | Noticed a death yak
  6482 | D:7      | Noticed a death yak
  6483 | D:7      | Reached skill level 8 in Shields
  6484 | D:7      | Noticed a death yak
  6504 | D:7      | Reached **** piety under Cheibriados
  6509 | D:7      | Killed a death yak
  6908 | D:7      | Killed a death yak
  6922 | D:7      | Killed a death yak
  6922 | D:7      | Reached skill level 9 in Shields
  6926 | D:7      | HP: 4/90 [yak (8)]
  6927 | D:7      | HP: 1/90 [yak (3)]
  7286 | D:7      | Found a staircase to the Lair.
  7539 | D:8      | Noticed a manticore
  7549 | D:8      | Killed a manticore
  7549 | D:8      | Reached XP level 11. HP: 52/97 MP: 17/17
  7730 | D:8      | Noticed a brown ugly thing
  7744 | D:8      | Killed a brown ugly thing
  7974 | D:8      | Got a brightly glowing large shield
  7985 | D:8      | Identified the +5 large shield of Doted {rC+} (You found it
                  | on level 8 of the Dungeon)
  8128 | D:8      | Reached ***** piety under Cheibriados
  8306 | D:8      | Found a blossoming altar of Fedhas.
  8501 | D:8      | Noticed a three-headed hydra
  8511 | D:8      | Reached skill level 1 in Stealth
  8512 | D:8      | Killed a six-headed hydra
  8512 | D:8      | Reached skill level 10 in Shields
  8875 | D:9      | Got a jewelled leather armour
  8886 | D:9      | Identified the cursed +0 leather armour of Ozoe {rPois
                  | Int+8} (You found it on level 9 of the Dungeon)
  8955 | D:9      | Noticed a two-headed ogre
  9054 | D:9      | Reached skill level 10 in Invocations
  9503 | D:9      | Found a staircase to the Orcish Mines.
  9692 | D:9      | Killed a two-headed ogre
  9743 | D:9      | Noticed a centaur warrior
  9754 | D:9      | Killed a centaur warrior
  9786 | D:9      | Got a dazzling ring mail
  9797 | D:9      | Identified the +3 ring mail "Otokk" {Dex+7} (You found it
                  | on level 9 of the Dungeon)
 10021 | D:10     | Entered Level 10 of the Dungeon
 10099 | D:10     | Noticed a manticore
 10108 | D:10     | Killed a manticore
 10108 | D:10     | Reached skill level 10 in Fighting
 10108 | D:10     | Reached XP level 12. HP: 83/106 MP: 19/19
 10187 | D:10     | Found Gucatoh's Antique Armour Shoppe.
 10406 | D:10     | Reached skill level 11 in Shields
 10484 | D:10     | Reached ****** piety under Cheibriados
 10828 | D:10     | Noticed a death knight
 10847 | D:10     | Killed a death knight
 11077 | D:10     | Noticed a centaur warrior
 11085 | D:10     | Killed a centaur warrior
 11650 | D:11     | Reached skill level 12 in Shields
 11660 | D:11     | Found a gate to the Vaults.
 12005 | D:11     | Reached XP level 13. HP: 47/114 MP: 5/21
 12322 | D:11     | Found a shimmering altar of Xom.
 12324 | D:11     | Found the +7 mace of Variability {chain chaos}
 12843 | Lair:1   | Entered Level 1 of the Lair of Beasts
 12982 | Lair:1   | Found a transporter.
 13002 | Lair:1   | Found a frozen archway.
 13017 | IceCv    | Entered an ice cave
 13044 | IceCv    | Reached skill level 13 in Shields
 13868 | Lair:1   | Reached skill level 5 in Dodging
 14092 | Lair:1   | Found a transporter.
 14477 | Lair:1   | Found a hazy altar of Hepliaklqana.
 14755 | Lair:1   | Found a runed translucent door.
 14759 | Lair:1   | Found a shimmering altar of Xom.
 14759 | Lair:1   | Noticed mrmini23's ghost (journeyman DrTm)
 15233 | Lair:2   | Reached skill level 14 in Shields
 15520 | Lair:2   | Learned a level 3 spell: Regeneration
 15811 | Lair:2   | Found a staircase to the Shoals.
 16124 | Lair:3   | Reached XP level 14. HP: 98/124 MP: 23/23
 16328 | Lair:3   | Reached skill level 1 in Necromancy
 16497 | Lair:3   | Found a runed translucent gate.
 16498 | Lair:3   | Found a runed translucent gate.
 16499 | Lair:3   | Found a runed translucent gate.
 16502 | Lair:3   | Found a viscous altar of Jiyva.
 16502 | Lair:3   | Noticed yrara's ghost (journeyman DsFi)
 16576 | Lair:3   | Found a staircase to the Snake Pit.
 16958 | Lair:4   | Reached skill level 1 in Charms
 17231 | Lair:4   | Paralysed by a floating eye for 4 turns
 17235 | Lair:4   | Paralysed by a floating eye for 2 turns
 17442 | Lair:4   | Reached skill level 1 in Spellcasting
 18028 | Lair:5   | Reached skill level 10 in Armour
 18057 | Lair:5   | Noticed Nessos
 18113 | Lair:5   | Killed Nessos
 18435 | Lair:5   | Found a runed door.
 18435 | Lair:5   | Found a viscous altar of Jiyva.
 18436 | Lair:5   | Found a staircase to the Slime Pits.
 18436 | Lair:5   | Noticed an acid blob
 18523 | Lair:5   | Noticed Kirke
 18532 | Lair:5   | Killed Kirke
 18532 | Lair:5   | Reached skill level 15 in Shields
 19013 | Lair:6   | Entered Level 6 of the Lair of Beasts
 19013 | Lair:6   | Noticed a dire elephant
 19024 | Lair:6   | Killed a dire elephant
 19611 | Lair:6   | Got a heavy robe
 19612 | Lair:6   | Identified the +0 robe of Distant Shores {Dex-2 SInv
                  | Stlth+} (You found it on level 6 of the Lair of Beasts)
 19775 | Lair:6   | Reached XP level 15. HP: 121/130 MP: 24/24
 19954 | Lair:6   | Reached skill level 16 in Shields
 20527 | Lair:6   | Got a brightly glowing robe
 20528 | Lair:6   | Identified the cursed +0 robe "Bearexuc" {rN+++ Int-5 SInv}
                  | (You found it on level 6 of the Lair of Beasts)
 20858 | D:12     | Entered Level 12 of the Dungeon
 20923 | D:12     | Got a steaming scale mail
 20924 | D:12     | Identified the +3 scale mail "Vuudukie" {*Drain rPois
                  | Str+5} (You found it on level 12 of the Dungeon)
 21537 | D:12     | Found a staircase to the Depths.
 21878 | Orc      | Entered the Orcish Mines
 22304 | Orc      | Found Tiyf's Magic Scroll Boutique.
 22327 | Orc      | Found a roughly hewn altar of Beogh.
 22508 | Orc      | Found a roughly hewn altar of Beogh.
 22537 | Orc      | Found Irphidit's Antique Armour Shop.
 22568 | Orc      | Bought a pair of embroidered gloves for 232 gold pieces
 22589 | Orc      | Found Coicw's Weapon Shoppe.
 22629 | Orc      | Paralysed by an orc sorcerer for 3 turns
 22641 | Orc      | Reached skill level 17 in Shields
 22977 | Orc      | Found a staircase to the Elven Halls.
 23050 | Orc      | Found Garuem's Antique Armour Shoppe.
 23050 | Orc      | Found Suten's Weapon Shop.
 23073 | Orc      | Bought a pair of embroidered boots for 202 gold pieces
 23073 | Orc      | Bought a brightly glowing large shield for 256 gold pieces
 23083 | Orc      | Identified a +2 pair of boots of running (You bought it in
                  | a shop in the Orcish Mines)
 23108 | Orc      | Identified the cursed -3 large shield "Rukaw" {+Fly Int+3
                  | Dex-4 Slay+5} (You bought it in a shop in the Orcish Mines)
 23303 | Elf:1    | Entered Level 1 of the Elven Halls
 23640 | Snake:1  | Entered Level 1 of the Snake Pit
 24384 | Snake:1  | Reached skill level 5 in Necromancy
 24628 | Snake:1  | Reached XP level 16. HP: 139/139 MP: 25/25
 24722 | Snake:1  | Found Duhyfenu's Food Shoppe.
 24794 | Snake:1  | Reached skill level 5 in Charms
 25081 | Snake:2  | Noticed a nagaraja
 25788 | Snake:2  | Killed a nagaraja
 25794 | Snake:2  | Reached skill level 18 in Shields
 26159 | Snake:2  | Noticed a nagaraja
 26167 | Snake:2  | Killed a nagaraja
 26544 | Snake:2  | Found a bloodstained altar of Trog.
 26789 | Snake:3  | Entered Level 3 of the Snake Pit
 26809 | Snake:3  | Reached skill level 5 in Spellcasting
 27619 | Snake:3  | Noticed a nagaraja
 27634 | Snake:3  | Killed a nagaraja
 27904 | Snake:3  | Noticed a nagaraja
 27912 | Snake:3  | Noticed a nagaraja
 27913 | Snake:3  | Noticed a nagaraja
 27923 | Snake:3  | Noticed a nagaraja
 27925 | Snake:3  | Noticed a nagaraja
 27928 | Snake:3  | Killed from afar by a shock serpent

Skill      XL: |  1  2  3  4  5  6  7  8  9 10 11 12 13 14 15 16 |
---------------+-------------------------------------------------+-----
Fighting       | 5 6 7 8 9 10 11 12 | 12.2
Shields        | 4 5 6 7 9 10 12 14 15 17 18 | 18.6
Dodging        | 1 2 3 4 5 6 |  6.2
Armour         | 4 5 6 7 8 9 10 | 10.3
Invocations    | 1 2 3 4 6 8 10 11 13 | 13.0
Throwing       | 1 2 3 4 |  4.1
Stealth        | 1 2 3 4 |  4.1
Necromancy     | 3 5 |  5.9
Charms         | 3 4 5 |  5.6
Spellcasting   | 3 4 5 |  5.4
Short Blades   | | 12.2
Long Blades    | | 12.2
Axes           | | 12.2
Maces & Flails | | 12.2
Polearms       | | 12.2
Staves         | | 12.2
Unarmed Combat | | 12.2
Evocations     | |  0.6

Action                   |  1- 3 |  4- 6 |  7- 9 | 10-12 | 13-15 | 16-18 || total
-------------------------+-------+-------+-------+-------+-------+-------++-------
Melee: Long sword        |   125 |   174 |   123 |     8 |  1312 |   236 ||  1978
       Hand axe          |       |       |   241 |   540 |       |       ||   781
       Broad axe         |       |       |       |       |     3 |    24 ||    27
Throw: Tomahawk          |       |     7 |    22 |    15 |    52 |    72 ||   168
Invok: Slouch            |       |       |       |     7 |     9 |     7 ||    23
       Step From Time    |       |       |       |       |       |     2 ||     2
Evoke: Wand              |       |       |       |     1 |     4 |       ||     5
       Phial of floods   |       |       |       |       |     1 |     2 ||     3
       Lamp of fire      |       |       |       |       |     1 |     1 ||     2
  Use: Potion            |       |     2 |       |     1 |     2 |     3 ||     8
       Scroll            |       |       |     4 |    17 |    18 |     7 ||    46
 Stab: Sleeping          |       |       |       |     4 |    14 |       ||    18
       Distracted        |       |       |       |       |     1 |     2 ||     3
  Eat: Chunk             |     1 |     7 |     8 |    12 |    17 |     1 ||    46
       Ration            |       |       |       |       |     3 |     1 ||     4
Armor: Scale mail        |    59 |    62 |       |       |       |       ||   121
       Plate armour      |       |    38 |   193 |       |       |       ||   231
       Quicksilver drago |       |       |     6 |    94 |       |       ||   100
       Ring mail         |       |       |       |    30 |   119 |    25 ||   174
Dodge: Dodged            |    13 |    26 |    50 |   118 |   172 |    46 ||   425
Block: Medium shield     |    67 |    90 |   239 |    96 |       |       ||   492
       Large shield      |       |       |       |   550 |  1773 |   526 ||  2849
